 Dungeon Crawl Stone Soup version bcrawl-1.38.1 (webtiles) character file.

Game seed: 2225526646911900884

143502 Morbidden the Ducker (level 5, 23/48 HPs)
             Began as a Troll Archaeologist on Apr 4, 2023.
             Quit the game on level 3 of the Dungeon.
             The game lasted 00:03:43 (2763 turns).

Morbidden the Ducker (Troll Archaeologist)          Turns: 2763, Time: 00:03:44

Health: 23/48      AC:  7    Str: 20    XL:     5   Next: 34%
Magic:  3/5        EV: 10    Int: 11    God:
Gold:   196        SH:  0    Dex:  8    Spells: 5/5 levels left

rFire    . . .     GDR:     24%   - Claws (15.2)
rCold    . . .     SeeInvis .   (no shield)
rNeg     . . .     Gourm    +   (armour unavailable)
rPois    .         Faith    .   c - +1 hat
rElec    .         Spirit   .   (no cloak)
rCorr    .         Reflect  .   (gloves unavailable)
MR       .....                  (boots unavailable)
Stlth    ++........             (no amulet)
HPRegen  0.58/turn              (no ring)
MPRegen  0.09/turn              (no ring)

@: no status effects
A: large, almost no armour, claws 3, fast metabolism 3, gourmand, regeneration
1, AC +6
a: no special abilities


You were on level 3 of the Dungeon.
You were completely stuffed.

You visited 1 branch of the dungeon, and saw 3 of its levels.

You collected 196 gold pieces.

Inventory:

Hand Weapons
 b - a +0 blowgun
Missiles
 a - 975 stones (quivered)
 d - 6 curare-tipped needles
 m - 81 poisoned tomahawks
 s - 312 arrows
 u - 65 poisoned needles
Armour
 c - a +1 hat (worn)
Scrolls
 g - a scroll of magic mapping
 h - 5 scrolls of teleportation {unknown}
 i - 2 scrolls of identify
 l - 2 scrolls of remove curse {unknown}
 o - a scroll of enchant weapon {unknown}
 p - 2 scrolls of enchant armour {unknown}
Potions
 j - 3 potions of agility {unknown}
 k - a potion of curing {unknown}
 n - 2 potions of might {unknown}
 r - 2 potions of berserk rage {unknown}
 t - a potion of heal wounds {unknown}
 v - a potion of cancellation {unknown}
 w - 2 potions of mutation {unknown}
 x - 2 potions of haste {unknown}
Comestibles
 e - 5 rations {!d}
 q - a chunk of flesh


   Skills:
 * Level 1.5 Fighting
   Level 1.0 Maces & Flails
 * Level 1.1 Throwing
 * Level 3.0 Dodging
 + Level 2.0 Stealth
 * Level 2.7 Unarmed Combat
 * Level 0.8 Spellcasting
 * Level 1.1 Evocations


You had 5 spell levels left.
You didn't know any spells.
Your spell library was empty.

Dungeon Overview and Level Annotations

Branches:
Dungeon (3/12)

Altars:


Innate Abilities, Weirdness & Mutations

You cannot wear most types of armour.
Your thick skin is tough. (AC +6)
You are too large for most types of armour.
You have claws for hands.
Your metabolism is lightning-fast.
You like to eat raw meat.
Your natural rate of healing is unusually fast.


Message History

a +0 dagger; a +0 robe; a +0 club; an orc corpse You scratch the orc.
The orc is moderately wounded.
You claw the orc!
You kill the orc!
Things that are here:
a +0 mace; a +0 scale mail; an orc corpse
Items here: )) [ † a +0 dagger; a +0 robe; a +0 club; an orc corpse
As you read the scroll of acquirement, it crumbles to dust.
Acquire which item? (Press ! for descriptions.) A: +7 giant spiked club of Blind Justice {freeze, *Slow rElec Int+6} B: +0 medium shield of protection C: ring "Yscha" {Str+3 Int+2 Dex+3 Slay-4 SInv} D: manual of Axes; E: staff of poison; F: lightning rod (4/4); G: 6 rations H: 373 gold pieces This will waste the scroll!
Really cancel your acquirement? (Y/N) Cancelling acquirement.
No path to travel!
Are you sure you want to abandon this character and quit the game? (Confirm with "yes".)

.# ... .# # ... ..
# #.# . # #.# #. #
#.# #.# ## #.#
#.)### ##. #.##
#...#####.. ##@)##
###).#.<... #.>..#
##.#..... #....#
#....#.. #....###
###).... #......#
#..... #....#.##
#..... #.[..#..##
#..#..
#######..#####..#..
##.#.....#...


There were no monsters in sight!

Vanquished Creatures
  An orc priest (D:3)
  Jessica (D:3)
  An orc wizard (D:3)
  2 adders
  2 worms
  A dart slug (D:2)
  4 leopard geckos
  2 orcs (D:3)
  2 bats
  3 giant cockroaches
  9 goblins
  7 hobgoblins
  7 jackals
  A quokka (D:2)
  9 frilled lizards
  3 kobolds
  4 rats
59 creatures vanquished.

Notes
Turn   | Place    | Note
-------+----------+-------------------------------------------
     0 | D:1      | Morbidden the Troll Archaeologist began the quest for the
                  | Orb.
     0 | D:1      | Reached XP level 1. HP: 18/18 MP: 0/0
   353 | D:1      | Reached XP level 2. HP: 26/26 MP: 1/1
   435 | D:1      | Reached skill level 1 in Fighting
  1659 | D:2      | Found a faded altar of an unknown god.
  1815 | D:2      | Reached XP level 3. HP: 33/33 MP: 2/2
  2089 | D:2      | Reached skill level 1 in Unarmed Combat
  2388 | D:3      | Noticed Jessica
  2460 | D:3      | Killed Jessica
  2461 | D:3      | Gained mutation: Your natural rate of healing is unusually
                  | fast. [Troll growth]
  2461 | D:3      | Reached XP level 4. HP: 30/41 MP: 3/3
  2533 | D:3      | Reached skill level 1 in Evocations
  2538 | D:3      | Reached skill level 1 in Throwing
  2753 | D:3      | Reached skill level 3 in Dodging
  2753 | D:3      | Reached XP level 5. HP: 25/48 MP: 3/5
  2753 | D:3      | Identified a scroll of acquirement
  2762 | D:3      | Identified the +7 giant spiked club of Blind Justice
                  | {freeze, *Slow rElec Int+6} (You acquired it on level 3 of
                  | the Dungeon)
  2762 | D:3      | Identified the ring "Yscha" {Str+3 Int+2 Dex+3 Slay-4 SInv}
                  | (You acquired it on level 3 of the Dungeon)
  2763 | D:3      | Quit the game

Skill      XL: |  1  2  3  4 |
---------------+-------------+-----
Fighting       | 1 |  1.5
Unarmed Combat | 1 2 |  2.7
Evocations     | 1 |  1.1
Throwing       | 1 |  1.1
Dodging        | 3 |  3.0
Stealth        | 2 |  2.0
Maces & Flails | |  1.0
Spellcasting   | |  0.8

Action                   |  1- 3 |  4- 6 || total
-------------------------+-------+-------++-------
Melee: Unarmed           |   119 |    36 ||   155
Throw: Stone             |    37 |     7 ||    44
  Use: Scroll            |       |     1 ||     1
 Stab: Sleeping          |     1 |       ||     1
  Eat: Chunk             |    24 |     3 ||    27
Armor: Skin              |    41 |    10 ||    51
Dodge: Dodged            |    60 |    12 ||    72
